 Dungeon Crawl Stone Soup version 0.29-a0-870-g2c972031a6 (webtiles) character file.

Game seed: 5966566060991449554

2 nxtlvl the Ducker (level 1, 0/13 HPs)
             Began as a Deep Elf Monk on July 17, 2022.
             Slain by a giant cockroach (1 damage)
             ... on level 1 of the Dungeon.
             The game lasted 00:00:23 (113 turns).

nxtlvl the Ducker (Deep Elf Monk)                    Turns: 113, Time: 00:00:24

Health: 0/13       AC:  2    Str:  8    XL:     1   Next: 33%
Magic:  3/3        EV: 13    Int: 14    God:
Gold:   12         SH:  0    Dex: 17    Spells: 0/0 levels left

rFire   . . .      SeeInvis .   a - +0 short sword
rCold   . . .      Faith    .   (no shield)
rNeg    . . .      Spirit   .   b - +0 robe
rPois   .          Reflect  .   (no helmet)
rElec   .          Harm     .   (no cloak)
rCorr   .          Rampage  .   (no gloves)
Will    .....                   (no boots)
Stlth   ++........              (no amulet)
HPRegen 0.04/turn               (no ring)
MPRegen 0.08/turn               (no ring)

@: no status effects
A: no striking features
a: no special abilities


You were on level 1 of the Dungeon.
You visited 1 branch of the dungeon, and saw 1 of its levels.

You collected 12 gold pieces.

Inventory:

Hand Weapons
 a - a +0 short sword (weapon)
Missiles
 f - 7 stones (quivered)
Armour
 b - a +0 robe (worn)
Scrolls
 d - 2 scrolls of torment {unknown}
 e - a scroll of fear {unknown}
 g - a scroll of identify {unknown}
Potions
 c - a potion of ambrosia


   Skills:
 - Level 2.4 Fighting
 * Level 3.2 Short Blades
 - Level 3.6 Dodging
 - Level 2.4 Stealth


You couldn't memorise any spells.
You didn't know any spells.
Your spell library was empty.

Dungeon Overview and Level Annotations

Branches:
Dungeon (1/15)

Altars:


Message History

f - 7 stones An endoplasm comes into view.
You see here a +0 leather armour.
Found a scroll labelled SIERPH MALOR.
The endoplasm freezes you.
You are frozen.
You hit the endoplasm.
The endoplasm is almost dead.
The endoplasm freezes you.
You are frozen.
You barely miss the endoplasm.
The endoplasm is almost dead.
The endoplasm hits you.
* * * LOW HITPOINT WARNING * * *
You hit the endoplasm.
You kill the endoplasm!
g - a scroll labelled SIERPH MALOR A giant cockroach comes into view.
A giant cockroach is nearby!
A giant cockroach is nearby!
A kobold comes into view. It is wielding a +0 dagger.
The kobold shouts!
A hobgoblin comes into view.
The giant cockroach barely misses you.
You closely miss the giant cockroach. The giant cockroach closely misses you.
You barely miss the giant cockroach.
The giant cockroach bites you but does no damage.
You completely miss the giant cockroach.
The giant cockroach bites you.
* * * LOW HITPOINT WARNING * * *
You closely miss the giant cockroach.
You punch the giant cockroach, but do no damage.
The giant cockroach bites you but does no damage.
You hit the giant cockroach but do no damage.
The giant cockroach closely misses you.
You closely miss the giant cockroach. The giant cockroach closely misses you.
The giant cockroach bites you but does no damage.
You completely miss the giant cockroach.
The giant cockroach bites you.
You die...

########.# #.....##.#
#.....##.# ###.....##.##
............
###########.....##.#####..
#.........#.....##.......#
................@BK.......
#[###.....#.....##g.......
.....#....#######.........
........#.# #.........
...#.##.#.# .........#
#.##.##.#.# ..........#
.....##.#.# ......###..
#.#####.#.# .......# #.
..#


You could see a giant cockroach, a hobgoblin and a kobold.

Vanquished Creatures
  An endoplasm (D:1)
  A quokka (D:1)
2 creatures vanquished.

Notes
Turn   | Place    | Note
-------+----------+-------------------------------------------
     0 | D:1      | nxtlvl the Deep Elf Monk began the quest for the Orb.
     0 | D:1      | Reached XP level 1. HP: 13/13 MP: 3/3
   113 | D:1      | Slain by a giant cockroach

Illustrated notes

Levels and vault maps discovered:
D:1:      elethiomel_arrival_shortcut, layout_basic, serial_glass,
          glass_columns_b, glass_columns_b

Action                   || total
-------------------------++-------
Melee: Short sword       ||    11
       Punch             ||     1
 Stab: Sleeping          ||     1
Armor: Robe              ||     3
Dodge: Dodged            ||     4

Table legend: (Time is in decaauts)
 A = Elapsed time spent in this place.
 B = Non-inter-level travel time spent in this place.
 C = Inter-level travel time spent in this place.
 D = Time resting spent in this place.
 E = Time spent auto-exploring this place.
 F = Levels seen in this place.
 G = Mean time per level.
                   A        B        C        D        E       F      G
               +--------+--------+--------+--------+--------+-----+--------+
         Total |    112 |    112 |      0 |      0 |     55 |   1 |  112.0 |
       Dungeon |    112 |    112 |      0 |      0 |     55 |   1 |  112.0 |
               +--------+--------+--------+--------+--------+-----+--------+

Top non-repeatable levels by time:
     D:1: 112 daAuts
